 Dungeon Crawl Stone Soup version 0.29.1 (webtiles) character file.

Game seed: 7699568912592779086

534 mtoz the Shield-Bearer (level 7, 0/91 HPs)
             Began as a Minotaur Fighter on Sept 13, 2022.
             Succumbed to a scorpion's poison
             ... on level 4 of the Dungeon.
             The game lasted 00:09:46 (3323 turns).

mtoz the Shield-Bearer (Minotaur Fighter)           Turns: 3323, Time: 00:09:46

Health: 0/91       AC: 17    Str: 23    XL:     7   Next: 4%
Magic:  6/6        EV:  7    Int:  5    God:
Gold:   204        SH:  5    Dex:  9    Spells: 6/6 levels left

rFire   . . .      SeeInvis .   a - +0 war axe
rCold   . . .      Faith    .   c - +0 buckler
rNeg    . . .      Spirit   .   s - +0 plate armour
rPois   .          Reflect  .   (helmet restricted)
rElec   .          Harm     .   v - +2 cloak
rCorr   .          Rampage  .   i - +0 pair of gloves
Will    .....                   (no boots)
Stlth   ..........              (no amulet)
HPRegen 0.25/turn               (no ring)
MPRegen 0.10/turn               (no ring)

@: berserking, lethally poisoned (0 -> -2), very quick
A: horns 2, retaliatory headbutt
a: no special abilities


You were on level 4 of the Dungeon.
You visited 1 branch of the dungeon, and saw 4 of its levels.

You collected 204 gold pieces.

Inventory:

Hand Weapons
 a - a +0 war axe (weapon)
 u - a +4 quarterstaff of chaos
 w - a +0 mace of protection
Armour
 c - a +0 buckler (worn)
 f - a +0 chain mail
 i - a +0 pair of gloves (worn)
 o - +0 fire dragon scales
 s - a +0 plate armour (worn)
 v - a +2 cloak (worn)
Scrolls
 b - 3 scrolls of teleportation
 e - a scroll of magic mapping {unknown}
 h - a scroll of blinking {unknown}
 l - a scroll of identify {unknown}
 p - a scroll of enchant armour {unknown}
 t - a scroll of enchant weapon {unknown}
Potions
 d - 2 potions of might
 g - a potion of brilliance {unknown}
 j - a potion of berserk rage
 k - a potion of ambrosia {unknown}
 m - a potion of attraction {unknown}
 n - a potion of haste {unknown}
 q - a potion of resistance {unknown}
 r - 2 potions of curing {unknown}
 x - a potion of heal wounds {unknown}


   Skills:
 * Level 5.4 Fighting
 * Level 4.8 Axes
 * Level 5.6 Armour
 + Level 2.2 Dodging
 * Level 5.6 Shields


You had 6 spell levels left.
You didn't know any spells.
Your spell library was empty.

Dungeon Overview and Level Annotations

Branches:
Dungeon (4/15)
 Temple: D:4-7

Altars:

Shops:
D:3 [(=:(


Innate Abilities, Weirdness & Mutations

You have a pair of horns on your head.
You reflexively headbutt those who attack you in melee.


Message History

You feel drained. The grasping roots constrict you!
* * * LOW HITPOINT WARNING * * *
The scorpion stings you.
* * * LOW HITPOINT WARNING * * *
You are lethally poisoned!
The scorpion poisons you! Edmund hits you but does no damage.
You feel drained. The grasping roots constrict you.
The hound moves out of view.
The grasping roots release their grip on you.
You slash Edmund!
You kill Edmund!
You hit the scorpion.
* * * LOW HITPOINT WARNING * * *
You feel very sick.
The scorpion stings you but does no damage.
The hound bites you but does no damage.
The scorpion stings you but does no damage.
Your Dodging skill increases to level 2!
It was a potion of berserk rage.
A red film seems to cover your vision as you go berserk!
You feel yourself moving faster!
You feel mighty!
* * * LOW HITPOINT WARNING * * *
You feel sick.
The hound bites you but does no damage. x2
The scorpion stings you but does no damage.
A dart slug comes into view.
You slash the scorpion!
The scorpion is almost dead.
You barely miss the hound.
* * * LOW HITPOINT WARNING * * *
You feel sick. You block the hound's attack. The scorpion barely misses you.
You hit the scorpion.
You kill the scorpion!
You closely miss the hound.
The hound bites you but does no damage. x2
Your life force feels restored.
You have reached level 7!
The hound attacks as you move away! You block the hound's attack.
* * * LOW HITPOINT WARNING * * *
You feel sick.
An orc comes into view. It is wielding a +0 club.
You feel a strong urge to attack something.
You die...

....#...####....... #
#.........###......#..
#..#..............##.#
...#...##.........#
....... #........##
#......###....##..
#..........## .
##....#..##.#
##.....@....##
#.......###.....
#w....†h# .....
..#...)## .... . #..#.
.... ......o ...
....... .......
.......


You could see a hound, a dart slug and an orc (wandering).

Vanquished Creatures
  Edmund (D:4)
  A bullfrog (D:4)
  A scorpion (D:4)
  3 orc priests
  Crazy Yiuf (D:4)
  4 gnolls (D:2)
  7 adders
  A worm (D:2)
  A dart slug (D:1)
  6 orcs
  9 ball pythons
  3 endoplasms
  2 giant cockroaches
  3 goblins
  2 hobgoblins
  6 jackals (D:2)
  9 quokkas
  4 bats
  3 frilled lizards
  5 kobolds
72 creatures vanquished.

Notes
Turn   | Place    | Note
-------+----------+-------------------------------------------
     0 | D:1      | mtoz the Minotaur Fighter began the quest for the Orb.
     0 | D:1      | Reached XP level 1. HP: 19/19 MP: 0/0
   155 | D:1      | Reached XP level 2. HP: 27/27 MP: 1/1
   664 | D:1      | Reached XP level 3. HP: 33/33 MP: 2/2
   840 | D:2      | Reached XP level 4. HP: 5/40 MP: 3/3
  1257 | D:2      | Reached skill level 1 in Dodging
  1405 | D:2      | Reached XP level 5. HP: 44/47 MP: 4/4
  1426 | D:2      | Found a faded altar of an unknown god.
  1862 | D:3      | Found Deangarghe's Antique Armour Boutique.
  1882 | D:3      | Found Laidor's Weapon Shoppe.
  2187 | D:3      | Found Xublaide's Book Shop.
  2255 | D:3      | Found Tosh's Weapon Shop.
  2335 | D:3      | Reached skill level 5 in Shields
  2646 | D:3      | Found Qotariq's Jewellery Shoppe.
  2943 | D:4      | Found a runed translucent door.
  2944 | D:4      | Noticed Crazy Yiuf
  2955 | D:4      | Killed Crazy Yiuf
  2956 | D:4      | Reached skill level 5 in Armour
  2956 | D:4      | Reached XP level 6. HP: 8/55 MP: 0/5
  3286 | D:4      | Reached skill level 5 in Fighting
  3306 | D:4      | Noticed Edmund
  3318 | D:4      | Killed Edmund
  3319 | D:4      | HP: 2/82 [poisoned by a scorpion]
  3322 | D:4      | Reached XP level 7. HP: 2/61 MP: 6/6
  3323 | D:4      | Succumbed to a scorpion's poison

Illustrated notes

Levels and vault maps discovered:
D:1:      scummos_arrival_checkerplants, layout_basic, minmay_shallow_snake_nest
D:2:      layout_basic, nicolae_ecumenical_snake_handling, skrybe_limestone_x
D:3:      layout_loops_corners, serial_shops, nicolae_diamond_shop, shop,
          nicolae_shop_window_shopping, shop, nicolae_shop_behind_doors
D:4:      minmay_evil_eye, layout_cave_pools, nicolae_overflow_crystal_walls,
          enter_ossuary_3, uniq_eustachio, uniq_crazy_yiuf_cottage, uniq_edmund

Skill      XL: |  1  2  3  4  5  6 |
---------------+-------------------+-----
Shields        | 4 5 |  5.6
Fighting       | 4 5 |  5.4
Armour         | 4 5 |  5.6
Axes           | 3 4 |  4.8
Dodging        | 1 2 |  2.2

Action                   |  1- 3 |  4- 6 |  7- 9 || total
-------------------------+-------+-------+-------++-------
Melee: War axe           |    56 |   106 |       ||   162
       Headbutt          |     9 |    17 |       ||    26
  Use: Scroll            |       |     1 |       ||     1
       Potion            |       |     1 |       ||     1
Armor: Chain mail        |    38 |    35 |       ||    73
       Scale mail        |     1 |       |       ||     1
       Fire dragon scale |       |     6 |       ||     6
       Plate armour      |       |    22 |       ||    22
Dodge: Dodged            |    21 |    41 |       ||    62
Block: Buckler           |     9 |    21 |     1 ||    31
